 Dungeon Sprint DCSS version 0.20.1-1-g8b1a95d (webtiles) character file.

3269 Sergeek the Severer (level 10, -4/105 HPs)
             Began as a Hill Orc Berserker on Oct 31, 2017.
             Was a High Priest of Trog.
             Slain by a death cob (9 damage)
             ... in the Dungeon (Sprint V: "Ziggurat Sprint").
             The game lasted 00:06:29 (173 turns).

Sergeek the Severer (Hill Orc Berserker)             Turns: 173, Time: 00:06:30

Health: -4/105     AC: 29    Str: 36    XL:     10   Next: 0%
Magic:  10/10      EV: 11    Int:  7    God:    Trog [*****.]
Gold:   0          SH:  0    Dex: 10    Spells: 9/9 levels left

rFire    . . .     SeeInvis +   K - +14 obsidian axe {chop, +Fly SInv *Curse} (curse)
rCold    . . .     Gourm    .   (no shield)
rNeg     . . .     Faith    .   L - +15 Maxwell's patent armour {-Cast -Tele rElec MR+ rCorr}
rPois    .         Spirit   .   (no helmet)
rElec    +         Reflect  .   (no cloak)
rCorr    +         Harm     .   (no gloves)
MR       +....     NoTele   +   (no boots) Stlth ..........NoCast +
                                (no amulet)
Regen    0.3/turn               H - +6 ring of strength
MPRegen  0.2/turn               G - +6 ring of strength

@: berserk cooldown, mesmerised, slowed, very slow
A: no striking features
a: Berserk, Trog's Hand, Brothers in Arms, Burn Spellbooks, Renounce Religion,
Evoke Flight


You were in the Dungeon.
You worshipped Trog.
Trog was extremely pleased with you.
You were not hungry.

You visited 1 branch

Inventory:

Hand Weapons
 K - the cursed +14 obsidian axe (weapon) {chop, +Fly SInv *Curse}
   (You found it in the Dungeon)

   It inflicts extra damage upon your enemies.
   It lets you see invisible.
   It lets you fly.
   It curses itself when equipped.
   It has a curse placed upon it.
Armour
 L - the +15 Maxwell's patent armour (worn) {-Cast -Tele rElec MR+ rCorr}
   (You found it in the Dungeon)

   It insulates you from electricity.
   It affects your resistance to hostile enchantments.
   It prevents spellcasting.
   It prevents most forms of teleportation.
   It protects you from acid and corrosion.
Jewellery
 b - an uncursed amulet of guardian spirit
 C - a +6 ring of dexterity
 D - a +6 ring of dexterity
 E - a +6 ring of intelligence
 F - a +6 ring of intelligence
 G - a +6 ring of strength (right hand)
 H - a +6 ring of strength (left hand)
 I - an uncursed ring of flight
Wands
 y - a wand of disintegration (7/24)
 z - a wand of iceblast (5/15)
 A - a wand of lightning (5/15)
 B - a wand of acid (5/15)
Scrolls
 i - 4 scrolls of blinking
 p - 3 scrolls of recharging
 q - 7 scrolls of fog
 r - a scroll of holy word
 s - 5 scrolls of identify
 t - 5 scrolls of remove curse
 u - 2 scrolls of fear
 v - 4 scrolls of amnesia
 N - 4 scrolls of enchant armour
Potions
 d - 10 potions of curing
 e - 8 potions of heal wounds
 f - 6 potions of haste
 g - 7 potions of magic
 h - 3 potions of berserk rage
 j - 2 potions of brilliance
 k - 2 potions of invisibility
 l - 4 potions of resistance
 m - a potion of experience
 n - 5 potions of agility
 o - 5 potions of might
Miscellaneous
 J - a lightning rod (4/4)
 M - a lamp of fire
 O - a phial of floods
Comestibles
 a - 2 chunks of flesh
 c - 5 bread rations
 w - 42 fruits
 x - 4 meat rations


   Skills:
 + Level 15.3 Fighting
 + Level 18.2 Axes
 + Level 9.3 Armour
 + Level 6.0 Dodging
 + Level 1.1 Evocations


You had 9 spell levels left.
You didn't know any spells.

Dungeon Overview and Level Annotations

Branches:
Dungeon (1/1)

Altars:
Ashenzari
Cheibriados
Dithmenos
Elyvilon
Fedhas
Gozag
Hepliaklqana
Kikubaaqudgha
Makhleb
Nemelex Xobeh
Okawaru
Qazlal
Ru
Sif Muna
Trog
Uskayaw
Vehumet
Xom
Yredelemnul
Zin
The Shining One
Beogh
Jiyva
Lugonu

Annotations:
D 1 transporter


Message History

Visions of slaying the death cob flood into your mind.
The death cob hits you.
* * * LOW HITPOINT WARNING * * *
The death cob drains your vigour!
You feel as though you will be slow longer.
The death cob closely misses you.
Your soul eater hits the draconian!!
Your soul eater drains the draconian!
The draconian hits you but does no damage.
The death cob hits you but does no damage.
You are too injured to fight recklessly!
You are too injured to fight recklessly!
You hit the death cob.
The death cob is severely damaged.
You strike the helpless draconian from behind!
You hit the draconian.
Visions of slaying the draconian flood into your mind.
The death cob hits you but does no damage.
The draconian hits you but does no damage.
The death cob hits you!
You die...

▓.....▓.....▓▓▓▓▓▓▓
▓▓▓▓▓▓▓▓▓▓▓▓▓▓▓▓▓▓▓
▓..8©8...▓..8©8...▓
▓........▓..["|...▓
▓...)....▓..[."...▓
▓........▓.≈......▓
▓..%)%...▓..d3≈...▓
▓........▓.▓d...▓.▓
▓........▓.@z.....▓
▓▓▓▓▓▓▓▓▓▓▓▓▓▓▓▓▓▓▓


You could see a death cob, 2 draconians and a friendly soul eater.

Vanquished Creatures
  2 wretched stars (D)
  An orc sorcerer (D)
  An ugly thing (D)
  2 draconians (D)
  2 merfolk (D)
  A naga (shapeshifter) (D)
  An ogre (shapeshifter) (D)
  A big kobold (shapeshifter) (D)
  An iron imp (D)
  An adder zombie (D)
  A bat zombie (D)
  A quokka skeleton (D)
15 creatures vanquished.

Notes
Turn   | Place    | Note
-------+----------+-------------------------------------------
     0 | D        | Sergeek the Hill Orc Berserker began the quest for the Orb.
     0 | D        | Reached XP level 1. HP: 19/19 MP: 1/1
     0 | D        | Found a deep blue altar of Sif Muna.
     0 | D        | Found a bloodstained altar of Trog.
     0 | D        | Found a sacrificial altar of Ru.
     0 | D        | Found a stormy altar of Qazlal.
     0 | D        | Found an iron altar of Okawaru.
     1 | D        | Found a sparkling altar of Nemelex Xobeh.
     1 | D        | Found a blossoming altar of Fedhas.
     3 | D        | Found a transporter.
     3 | D        | Found an ancient bone altar of Kikubaaqudgha.
     3 | D        | Found a viscous altar of Jiyva.
     3 | D        | Found a corrupted altar of Lugonu.
     3 | D        | Found a hazy altar of Hepliaklqana.
     3 | D        | Found a burning altar of Makhleb.
     3 | D        | Found an opulent altar of Gozag.
    59 | D        | Entered arena 2.
    59 | D        | Noticed a merfolk
    59 | D        | Noticed a merfolk
    59 | D        | Found a transporter.
    63 | D        | Killed a merfolk
    63 | D        | Reached skill level 10 in Axes
    63 | D        | Reached XP level 2. HP: 37/37 MP: 2/2
    63 | D        | Reached XP level 3. HP: 42/42 MP: 3/3
    63 | D        | Reached XP level 4. HP: 50/50 MP: 4/4
    63 | D        | Reached XP level 5. HP: 57/57 MP: 5/5
    67 | D        | Killed a merfolk
    67 | D        | Reached skill level 12 in Axes
    67 | D        | Reached skill level 5 in Armour
    67 | D        | Reached XP level 6. HP: 53/68 MP: 6/6
    75 | D        | Entered arena 3.
    75 | D        | Found a transporter.
    77 | D        | Reached ** piety under Trog
    90 | D        | Entered arena 4.
    90 | D        | Noticed a wretched star
    90 | D        | Noticed a wretched star
    90 | D        | Noticed an orc sorcerer
    90 | D        | Found a transporter.
    92 | D        | Killed an orc sorcerer
    92 | D        | Reached *** piety under Trog
    92 | D        | Reached skill level 14 in Axes
    92 | D        | Reached XP level 7. HP: 51/62 MP: 7/7
    95 | D        | Reached XP level 8. HP: 39/76 MP: 8/8
    97 | D        | Killed a wretched star
    97 | D        | Reached skill level 15 in Axes
    97 | D        | Reached skill level 5 in Dodging
   101 | D        | Killed a wretched star
   101 | D        | Reached skill level 16 in Axes
   101 | D        | Reached XP level 9. HP: 30/95 MP: 9/9
   104 | D        | Got the +2 helmet of Rosuv {rF- rCorr Str-5 Stlth+}
   132 | D        | Entered arena 5.
   132 | D        | Noticed a white ugly thing
   132 | D        | Found a transporter.
   136 | D        | Killed a white ugly thing
   136 | D        | Reached **** piety under Trog
   136 | D        | Reached skill level 17 in Axes
   140 | D        | Reached ***** piety under Trog
   161 | D        | Entered arena 6.
   161 | D        | Noticed a draconian
   161 | D        | Noticed a draconian
   161 | D        | Noticed a death cob
   161 | D        | Noticed a draconian
   161 | D        | Noticed a draconian
   161 | D        | Found a transporter.
   167 | D        | Killed a draconian
   167 | D        | Reached skill level 15 in Fighting
   172 | D        | Killed a draconian
   172 | D        | Reached skill level 18 in Axes
   172 | D        | Reached skill level 1 in Evocations
   172 | D        | Reached XP level 10. HP: 6/105 MP: 10/10
   172 | D        | HP: 5/105 [death cob (1)]
   173 | D        | Slain by a death cob

Skill      XL: |  1  2  3  4  5  6  7  8  9 |
---------------+----------------------------+-----
Fighting       | 9 11 12 14 15 | 15.3
Axes           | 10 12 14 16 18 | 18.2
Armour         | 4 5 6 8 9 |  9.3
Dodging        | 3 4 5 6 |  6.0
Evocations     | 1 |  1.1

Action                   |  1- 3 |  4- 6 |  7- 9 | 10-12 || total
-------------------------+-------+-------+-------+-------++-------
Melee: Broad axe         |     2 |     8 |    21 |     1 ||    32
Invok: Berserk           |       |       |     1 |       ||     1
Evoke: Lamp of fire      |       |       |     1 |       ||     1
       Phial of floods   |       |       |     1 |       ||     1
  Use: Potion            |       |       |     2 |       ||     2
 Stab: Distracted        |       |       |       |     1 ||     1
Armor: Plate armour      |     5 |     3 |    20 |     4 ||    32
Dodge: Dodged            |     2 |     2 |     8 |     1 ||    13
